Description

Get your economy up fast to build an army to attack soon.

Build Order

Get SALT Encoding   

  12  0:01  SCV  
  13  0:13  SCV  
  14  0:18  Supply Depot  
  14  0:25  SCV  
  15  0:39  SCV  
  16  0:51  SCV  
  17  1:06  Command Center, SCV  
  18  1:16  Barracks  
  18  1:19  SCV  
  18  1:25  Refinery  
  19  1:31  SCV  
  20  1:36  Refinery  
  20  1:43  SCV  
  20  1:46  Engineering Bay  
  21  1:56  SCV  
  22  2:08  Orbital Command  
  22  2:16  Missile Turret  
  22  2:27  Missile Turret  
  22  2:38  Planetary Fortress  
  22  2:41  SCV  
  22  2:42  Barracks Reactor  
  23  2:54  SCV  
  24  3:05  Factory  
  24  3:06  SCV  
  25  3:15  SCV, Refinery  
  25  3:18  SCV  
  25  3:19  Marine x2  
  29  3:27  SCV, Terran Infantry Weapons Level 1  
  29  3:30  SCV  
  31  3:37  Supply Depot, Marine x2  
  31  3:39  SCV  
  34  3:43  SCV  
  35  3:50  Factory Tech Lab  
  35  3:51  SCV  
  35  3:54  Starport  
  35  3:55  SCV, Marine  
  38  3:58  Marine  
  39  4:12  Siege Tank  
  39  4:13  Marine  
  39  4:15  SCV  
  39  4:16  Marine  
  45  4:17  SCV  
  46  4:24  Barracks x2  
  46  4:26  Barracks  
  46  4:28  Barracks  
  46  4:30  Supply Depot  
  46  4:31  Starport Reactor  
  46  4:34  Supply Depot  
  46  4:37  Supply Depot, Armory  
  46  4:41  Engineering Bay  
  46  4:46  Refinery  
  46  4:51  SCV x2  
  46  4:52  Widow Mine  
  50  5:03  SCV x2  
  52  5:07  Command Center  
  52  5:10  Factory  
  52  5:20  Barracks Reactor x2  
  52  5:21  Barracks Tech Lab x2  
  52  5:23  Terran Infantry Armor Level 1  
  52  5:26  Medivac  
  52  5:27  Marine x2  
  56  5:30  SCV  
  56  5:35  SCV  
  58  5:36  Terran Infantry Weapons Level 2  
  58  5:39  Marine x2  
  60  5:45  Marine x2  
  62  5:52  Terran Vehicle And Ship Armor Level 1  
  62  5:53  SCV  
  63  5:57  Marine x2  
  63  6:01  SCV  
  63  6:02  Command Center  
  63  6:03  Marine x4  
  70  6:07  Supply Depot  
  70  6:08  Supply Depot  
  70  6:09  Supply Depot  
  70  6:10  Marine  
  70  6:11  Combat Shields  
  71  6:13  Stimpack, Factory Reactor  
  71  6:15  Marine  
  71  6:17  SCV  
  71  6:18  SCV  
  74  6:25  Planetary Fortress, Missile Turret  
  74  6:29  SCV, Marine x5  
  74  6:30  SCV, Marine  
  82  6:34  Marine  
  82  6:35  Marine  
  84  6:40  Widow Mine  
  84  6:41  SCV  
  84  6:44  Medivac  
  84  6:46  Medivac, Marine  
  91  6:47  Marine  
  91  6:48  SCV  
  94  6:59  Widow Mine x2  
  94  7:00  Marine  
  94  7:01  Marine  
  100  7:07  Supply Depot  
  100  7:09  Widow Mine  
  100  7:10  SCV x2  
  100  7:11  Supply Depot  
  100  7:12  SCV  
  100  7:14  Medivac, Marine  
  108  7:22  SCV  
  109  7:33  Marine x4  
  109  7:34  Marauder x2, Widow Mine x2  
  109  7:35  Medivac  
  109  7:36  Marine  
  124  7:39  Marine  
  124  7:40  SCV x3  
  124  7:44  Supply Depot  
  128  7:47  Supply Depot  
  128  7:51  Refinery  
  128  7:52  SCV x2  
  128  7:53  SCV  
  128  7:55  Marauder x2, Refinery  
  128  7:56  Marine x3  
  128  7:58  Widow Mine  
  138  8:02  Terran Infantry Armor Level 2  
  138  8:04  SCV  
  138  8:05  Terran Vehicle And Ship Armor Level 2  
  141  8:08  Marine x2  
  141  8:11  SCV  
  144  8:16  Marine  
  144  8:17  Marine  
  146  8:26  Marauder, Marine x4, Widow Mine  
  146  8:27  Marauder, Widow Mine  
  154  8:28  Medivac  
  157  8:47  Marine  
  157  8:48  Marine x6  
  160  8:49  Marine  
  160  8:55  SCV  
  163  8:57  Barracks x2  
  163  8:58  SCV  
  163  8:59  Barracks  
  163  9:00  Barracks  
  164  9:04  Terran Infantry Weapons Level 3  
  164  9:12  Starport  
  164  9:17  Fusion Core  
  164  9:19  Marine  
  164  9:20  Supply Depot  
  164  9:21  SCV  
  164  9:22  Supply Depot  
  164  9:23  Supply Depot  
  164  9:41  Widow Mine x2  
  164  9:42  Medivac, Marine x2  
  164  9:43  Marine  
  164  9:45  Marine x6  
  176  9:46  Marine  
  176  9:58  Liberator  
Spawning Tool Build Advisor. Get it on Overwolf

Go to:

Details

  • Created by: itsmiked
  • Published on: Sep 18, 2016
  • Modified on: Sep 18, 2016
  • Patch: Pre-3.8.0
Show
View Real Time Build Order
Export as new Build Order

Comments (0)

There are no comments. Be the first!

Create an account to comment!